 Dungeon Crawl Stone Soup version 0.21.0-25-ge575cb9 (webtiles) character file.

191 Mgcat the Ruffian (level 5, -1/41 HPs)
             Began as a Draconian Transmuter on Jan 23, 2018.
             Slain by Zorot's ghost (8 damage)
             ... on level 4 of the Dungeon.
             The game lasted 00:06:40 (4509 turns).

Mgcat the Ruffian (Draconian Transmuter)            Turns: 4509, Time: 00:06:41

Health: -1/41      AC:  6    Str: 15    XL:     5   Next: 42%
Magic:  8/8        EV: 12    Int: 15    God:
Gold:   216        SH:  0    Dex: 11    Spells: 3/9 levels left

rFire    . . .     SeeInvis .   w - +2 trident (venom)
rCold    . . .     Gourm    .   (no shield)
rNeg     . . .     Faith    .   (armour unavailable)
rPois    .         Spirit   .   (helmet restricted)
rElec    .         Reflect  .   (no cloak)
rCorr    .         Harm     .   h - +0 pair of gloves
MR       .....                  (no boots)
Stlth    ++........             (no amulet)
HPRegen  0.13/turn              j - ring of stealth
MPRegen  0.11/turn              r - +3 ring of strength

@: appendage
A: unfitting armour, horns 2, cold-blooded, AC +5
a: End Transformation


You were on level 4 of the Dungeon.
You were not hungry.
You had grown temporary horns.
You visited 1 branch of the dungeon, and saw 4 of its levels.

You collected 216 gold pieces.

Inventory:

Hand Weapons
 w - a +2 trident of venom (weapon)
Missiles
 a - 57 arrows
 n - 74 stones (quivered)
 t - 24 sling bullets
Armour
 h - a +0 pair of gloves (worn)
Jewellery
 j - a ring of stealth (left hand)
 r - a +3 ring of strength (right hand)
 y - an uncursed ring of magical power {unknown}
Wands
 g - a wand of iceblast (7)
 p - a wand of flame (23)
Scrolls
 f - 7 scrolls of teleportation
 l - a scroll of enchant weapon {unknown}
 m - a scroll of noise
 q - a scroll of remove curse {unknown}
Potions
 d - 3 potions of invisibility {unknown}
 e - a potion of brilliance {unknown}
 i - a potion of flight {unknown}
 k - a potion of heal wounds {unknown}
 o - 2 potions of haste {unknown}
 s - 2 potions of magic {unknown}
 u - a potion of might {unknown}
 v - a potion of degeneration {unknown}
Books
 b - a book of Changes

   Spells                             Type                      Level
   a - Beastly Appendage              Transmutation                1
   b - Sticks to Snakes               Transmutation                2
   c - Spider Form                    Transmutation/Poison         3
   d - Ice Form                       Ice/Transmutation            4
   e - Blade Hands                    Transmutation                5
Comestibles
 c - 7 rations
 x - 5 chunks of flesh


   Skills:
 - Level 2.0 Fighting
 - Level 2.0 Dodging
 - Level 5.0 Unarmed Combat
 + Level 2.5 Spellcasting
 + Level 2.6 Transmutations
 + Level 1.3 Poison Magic


You had 3 spell levels left.
You knew the following spells:

 Your Spells              Type           Power        Failure   Level  Hunger
a - Beastly Appendage     Tmut           #.....       8%          1    #......
b - Sticks to Snakes      Tmut           #.......     11%         2    ###....
c - Spider Form           Tmut/Pois      #.........   28%         3    ###....


Dungeon Overview and Level Annotations

Branches:
Dungeon (4/15)
 Temple: D:4-7

Altars:
Elyvilon

Annotations:
D:3 Mgcat's ghost, amateur DrTm
D:4 Zorot's ghost, novice VSMo


Innate Abilities, Weirdness & Mutations

Your plain brown scales are hard. (AC +5)
You cannot fit into any form of body armour.
You are cold-blooded and may be slowed by cold attacks.
You have a pair of horns on your head.


Message History

You puncture Zorot's ghost!
Zorot's ghost is heavily damaged.
Zorot's ghost hits you!
You are too injured to fight recklessly!
You are too injured to fight recklessly!
You hit Zorot's ghost. Your headbutt misses Zorot's ghost.
Zorot's ghost is severely damaged.
Zorot's ghost hits you!
* * * LOW HITPOINT WARNING * * *
You barely miss Zorot's ghost.
Your tail-slap misses Zorot's ghost.
Zorot's ghost is severely damaged.
Zorot's ghost closely misses you. Zorot's ghost completely misses you.
You hit Zorot's ghost but do no damage.
Zorot's ghost is severely damaged.
Zorot's ghost hits you.
* * * LOW HITPOINT WARNING * * *
You hit Zorot's ghost.
Zorot's ghost is severely damaged.
Zorot's ghost hits you!
You die...

###. ...# .# ##.. ..#
##.#.######### ...#
##..#..##.....## ....#
##....#.#.......##
.....###<....#..........#
....$.#......W@.........#
.............#..........#
.............##.>.......#
..............#....)<...#
.....#..................#
###.######..............#
#.....................#
#...#####..#..........# .
#..............#


You could see Zorot's ghost.

Vanquished Creatures
  An orc priest (D:4)
  Jessica (D:2)
  A worker ant (D:3)
  A hound skeleton (D:2)
  5 adders
  An ooze (D:1)
  2 worms
  A dart slug (D:1)
  2 orcs
  2 giant cockroaches (D:2)
  5 goblins
  8 hobgoblins
  2 jackals (D:2)
  A quokka (D:2)
  A bat (D:1)
  2 frilled lizards (D:2)
  4 kobolds
  4 rats
44 creatures vanquished.

Notes
Turn   | Place    | Note
-------+----------+-------------------------------------------
     0 | D:1      | Mgcat the Draconian Transmuter began the quest for the Orb.
     0 | D:1      | Reached XP level 1. HP: 16/16 MP: 3/3
   150 | D:1      | Reached XP level 2. HP: 16/23 MP: 5/5
  1390 | D:2      | Reached XP level 3. HP: 19/29 MP: 6/6
  1540 | D:2      | Learned a level 2 spell: Sticks to Snakes
  1544 | D:2      | Learned a level 3 spell: Spider Form
  1767 | D:2      | Reached skill level 4 in Unarmed Combat
  1857 | D:2      | Noticed Jessica
  1865 | D:2      | Killed Jessica
  1865 | D:2      | Reached XP level 4. HP: 23/36 MP: 5/7
  2605 | D:3      | Reached skill level 5 in Unarmed Combat
  2973 | D:3      | Found a white marble altar of Elyvilon.
  3512 | D:3      | Noticed Mgcat's ghost (amateur DrTm)
  4278 | D:3      | Reached XP level 5. HP: 21/41 MP: 8/8
  4281 | D:3      | Reached skill level 1 in Poison Magic
  4496 | D:4      | Noticed Zorot's ghost (novice VSMo)
  4509 | D:4      | Slain by Zorot's ghost

Skill      XL: |  1  2  3  4  5 |
---------------+----------------+-----
Dodging        | 2 |  2.0
Fighting       | 2 |  2.0
Unarmed Combat | 4 5 |  5.0
Poison Magic   | 1 |  1.3
Spellcasting   | |  2.5
Transmutations | |  2.6

Action                   |  1- 3 |  4- 6 || total
-------------------------+-------+-------++-------
Melee: Unarmed           |   118 |    84 ||   202
       Tailslap          |    13 |     7 ||    20
       Punch             |     2 |     2 ||     4
       Headbutt          |     1 |       ||     1
       Trident           |       |    14 ||    14
       Kick              |       |     1 ||     1
 Cast: Beastly Appendage |     1 |     2 ||     3
  Use: Scroll            |       |     6 ||     6
       Potion            |       |     2 ||     2
 Stab: Sleeping          |     1 |     6 ||     7
  Eat: Chunk             |     3 |     5 ||     8
       Ration            |       |     1 ||     1
Armor: Skin              |    30 |    18 ||    48
Dodge: Dodged            |    55 |    50 ||   105
